 Dungeon Crawl Stone Soup version 0.19.1-1-g22dce08 (webtiles) character file.

125980 JamesMay the Carver (level 16, -21/144 HPs)
             Began as a Minotaur Fighter on Dec 30, 2016.
             Was the Champion of Okawaru.
             Killed from afar by a merfolk aquamancer (27 damage)
             ... with a ball of steam
             ... on level 4 of the Shoals on Jan 4, 2017.
             The game lasted 04:47:06 (30797 turns).

JamesMay the Carver (Minotaur Fighter)             Turns: 30797, Time: 04:47:07

Health: -21/144    AC: 28    Str: 33    XL:     16   Next: 42%
Magic:  0/21       EV: 13    Int:  6    God:    Okawaru [******]
Gold:   1541       SH: 15    Dex: 10    Spells: 0 memorised, 15 levels left

rFire  x . .     SeeInvis .     w - +6 hunting sling (venom)
rCold  + + .     Gourm    .     C - +2 ice dragon scales of Zin's Displeasure {+Inv rPois rF- rC++ MR- Int+3}
rNeg   + . .     Faith    .     K - +1 shield
rPois  +         Spirit   +     c - +2 hat of the Bear Spirit {Spirit, +Rage rN+ MR++}
rElec  .         Reflect  .     I - +2 cloak {MR+}
rCorr  .         Harm     .     W - +2 pair of gloves {archery}
MR     +++..                    h - +2 pair of boots {Stlth+}
Stlth  +.........               s - amulet of regeneration
                                x - ring of flight
                                X - +3 ring of strength

@: very slightly contaminated, studying Bows, invisible
A: retaliatory headbutt, horns 2, dopey 1, strong 1, wild magic 1
a: Heroism, Finesse, Renounce Religion, Evoke Berserk Rage, Turn Visible, Evoke
Flight


You were on level 4 of the Shoals.
You worshipped Okawaru.
Okawaru was exalted by your worship.
You were not hungry.

You visited 5 branches of the dungeon, and saw 26 of its levels.
You also visited: Labyrinth, Ossuary and Ice Cave.

You collected 2646 gold pieces.
You spent 1105 gold pieces at shops.

Inventory:

Hand Weapons
 m - a +0 blowgun
 o - a +2 trident of holy wrath
 q - the +9 scimitar "Sarcophage" {venom, rN+ Str+4}
   (Okawaru gifted it to you in a labyrinth)

   It poisons the flesh of those it strikes.
   It affects your strength (+4).
   It protects you from negative energy.
 t - a +4 hunting sling of flaming
 w - a +6 hunting sling of venom (weapon)
 y - the +6 spear "Xacinosu" {elec, Int+6 Dex+4}
   (Okawaru gifted it to you on level 3 of the Shoals)

   Occasionally, upon striking a foe, it will discharge some electrical energy
   and cause terrible harm.
   It affects your intelligence (+6).
   It affects your dexterity (+4).
 L - a +7 spear of flaming
Missiles
 e - 10 needles of confusion
 n - 21 curare-tipped needles
 p - 80 arrows
 A - 77 sling bullets (quivered)
 T - 4 silver tomahawks
Armour
 c - the +2 hat of the Bear Spirit (worn) {Spirit, +Rage rN+ MR++}
   (You bought it in a shop on level 2 of the Orcish Mines)

   It protects you from negative energy.
   It affects your resistance to hostile enchantments.
   It lets you go berserk.
 h - a +2 pair of boots of stealth (worn)
 C - the +2 ice dragon scales of Zin's Displeasure (worn) {+Inv rPois rF- rC++ MR- Int+3}
   (You found it in an ice cave)

   It affects your intelligence (+3).
   It makes you vulnerable to fire.
   It greatly protects you from cold.
   It protects you from poison.
   It affects your resistance to hostile enchantments.
   It lets you turn invisible.
 I - a +2 cloak of magic resistance (worn)
 K - a +1 shield (worn)
 W - a +2 pair of gloves of archery (worn)
Jewellery
 i - an uncursed ring of resist corrosion
 k - an uncursed ring of protection from fire
 s - an amulet of regeneration (around neck)
 x - a ring of flight (right hand)
 X - a +3 ring of strength (left hand)
Wands
 a - a wand of disintegration (16/24)
 v - a wand of polymorph (21/24)
Scrolls
 j - a scroll of identify
 r - 3 scrolls of remove curse
 D - 9 scrolls of fog
 E - a scroll of silence
 J - 3 scrolls of summoning
 M - a scroll of blinking {unknown}
 R - 3 scrolls of fear
Potions
 d - 4 potions of might
 g - 3 potions of curing
 l - 4 potions of haste
 z - a potion of cancellation
 F - 2 potions of agility
 P - 3 potions of lignification
 Q - 2 potions of flight
Books
 O - a manual of Bows
Miscellaneous
 b - a sack of spiders
 u - a fan of gales
Comestibles
 f - 10 bread rations
 B - 5 chunks of flesh
 G - a slice of pizza
 H - 24 fruits
 U - 2 royal jellies


   Skills:
 + Level 13.2 Fighting
 + Level 14.3 Long Blades
 + Level 12.1 Polearms
 * Level 9.2(11.8) Slings
 * Level 8.0 Bows
 * Level 11.0(12.1) Throwing
 + Level 11.6 Armour
 + Level 7.5 Dodging
 + Level 2.3 Stealth
 + Level 12.9 Shields
 + Level 8.2 Invocations
 * Level 3.7 Evocations


You had 15 spell levels left.
You didn't know any spells.

Dungeon Overview and Level Annotations

Branches:
Dungeon (13/15)            Temple (1/1) D:6            Lair (6/6) D:8
 Shoals (4/4) Lair:2       Spider (0/4) Lair:3        Slime (0/5) Lair:6
    Orc (2/2) D:11            Elf (0/3) Orc:2        Vaults (0/5) D:13

Altars:
Ashenzari
Cheibriados
Dithmenos
Elyvilon
Fedhas
Gozag
Hepliaklqana
Kikubaaqudgha
Makhleb
Nemelex Xobeh
Okawaru
Qazlal
Ru
Sif Muna
Trog
Uskayaw
Vehumet
Xom
Yredelemnul
Zin
The Shining One
Beogh

Shops:
D:10 }   Orc:2 =[(*

Portals:
Trove: D:13 (give +2 storm dragon scales)

Annotations:
Shoals:1 1 exclusion


Innate Abilities, Weirdness & Mutations

You reflexively headbutt those who attack you in melee.
You have a pair of horns on your head.
You are dopey. (Int -2)
Your muscles are strong. (Str +2)
Your spells are a little harder to cast, but a little more powerful.


Message History

The throwing net hits the merfolk impaler.
The merfolk impaler is caught in the net!
Unknown command.
You feel better.
The merfolk impaler struggles against the net.
The merfolk throws a tomahawk.
The tomahawk hits the merfolk impaler!!
You block the merfolk aquamancer's attack.
You block the water elemental's attack.
You clumsily bash the merfolk aquamancer but do no damage.
Your headbutt misses the merfolk aquamancer.
The merfolk aquamancer is severely wounded.
The merfolk impaler struggles against the net.
The merfolk aquamancer hits you but does no damage.
The merfolk throws a tomahawk.
The tomahawk hits the merfolk impaler!
The water elemental hits you!
* * * LOW HITPOINT WARNING * * *
The merfolk impaler struggles against the net.
The merfolk aquamancer casts a spell at you.
The ball of steam hits you! The steam scalds you terribly!
You die...

≈≈≈E≈m. ≈≈≈m≈..
≈≈≈E≈≈≈≈... .(#
≈≈≈≈≈≈≈≈..# (.#
≈≈≈≈≈≈≈m..# ...#
≈≈≈≈≈≈.... .....
≈≈≈≈≈≈≈.E######.....
≈≈≈≈≈≈≈≈≈mmm@........
≈≈≈≈≈≈≈≈≈.mE.......[.
≈P≈≈≈≈≈≈(............
PP≈≈≈≈≈≈≈............
.≈≈≈≈≈≈≈≈............
≈≈≈≈≈≈≈≈≈............
.≈≈PP≈≈≈.............
≈≈≈PP≈≈...≈≈...≈≈....
≈..P≈≈≈...≈≈...≈≈≈......≈


You could see a merfolk impaler (caught), a merfolk aquamancer, 2 merfolk and 2
water elementals.

Vanquished Creatures
  4 krakens
  An orc warlord (Orc:2)
  The ghost of Gwiny the Fighter, a journeyman FoAK of Lugonu (Lair:6)
  Nessos (Lair:4)
  Snorg (Lair:4)
  A merfolk javelineer (Shoals:1)
  A minotaur (Lab)
  Josephine (Lair:4)
  A fire dragon (Lair:6)
  4 merfolk impalers
  2 alligator snapping turtles
  6 hydras
  A catoblepas (Lair:5)
  3 merfolk aquamancers (Shoals:3)
  3 merfolk avatars
  A satyr (Shoals:3)
  A centaur warrior (D:13)
  10 death yaks
  An orc high priest (Orc:2)
  A fire crab (Lair:6)
  9 sea snakes
  The ghost of lupus83 the Archer, a novice CeHu of Okawaru (D:8)
  An unseen horror (D:12)
  Pikel (D:4)
  8 harpies
  6 hill giants
  An orb spider (Lair:3)
  6 orc sorcerers
  8 orc knights
  5 ugly things
  3 manticores
  5 cyclopes
  8 fauns
  A moth of wrath (shapeshifter) (D:13)
  9 sirens
  3 ice statues (IceCv)
  10 black mambas
  3 molten gargoyles (Lair:6)
  6 water nymphs
  10 elephants
  8 spiny frogs
  2 kobold demonologists (D:12)
  3 rime drakes
  11 komodo dragons
  6 trolls
  17 merfolk
  2 polar bears
  10 blink frogs (Lair:3)
  7 wind drakes
  4 slime creatures (D:13)
  5 snapping turtles
  2 two-headed ogres
  A blink frog (shapeshifter) (D:13)
  2 dream sheep (Shoals:1)
  10 hippogriffs
  A shadow (D:12)
  32 yaks
  4 wraiths
  4 wyverns
  13 water elementals
  Grum (D:9)
  2 steam dragons
  5 hungry ghosts
  6 basilisks
  Menkaure (D:5)
  8 wargs
  A mottled dragon (Lair:6)
  4 hell hounds (Lair:6)
  13 water moccasins
  6 porcupines
  38 orc warriors
  A slave (D:4)
  9 ice beasts
  An eye of draining (D:10)
  4 black bears
  6 phantoms
  11 ogres
  8 sky beasts
  3 wolves (D:9)
  11 centaurs
  9 crocodiles
  2 big kobolds
  19 bullfrogs
  Blork the orc (Orc:2)
  A wyvern zombie (D:12)
  A gnoll sergeant (D:5)
  2 wyvern skeletons
  A scorpion (D:7)
  59 killer bees
  13 wights
  5 howler monkeys
  3 crimson imps
  2 bullfrog zombies
  4 lava snakes (Lair:6)
  4 centaur zombies
  4 hounds
  2 jellies
  2 bullfrog skeletons
  17 orc priests
  26 orc wizards
  6 centaur skeletons
  8 iguanas
  11 worker ants
  2 hound zombies
  2 hound skeletons
  8 mummies (Ossuary)
  A howler monkey zombie (D:5)
  3 gnolls (D:4)
  2 worker ant zombies
  9 adders
  2 howler monkey skeletons (D:7)
  2 shadow imps
  12 white imps (Lair:2)
  2 oozes (D:1)
  3 adder skeletons
  A worm (D:4)
  A dart slug (D:1)
  2 leopard geckos
  71 orcs
  5 giant cockroaches
  A gnoll zombie (Ossuary)
  7 goblins
  4 hobgoblins
  3 jackals (D:4)
  5 quokkas
  2 ball pythons
  7 bats
  5 frilled lizards
  A hobgoblin zombie (Ossuary)
  18 kobolds
  A kobold zombie (Ossuary)
  2 leopard gecko skeletons
  5 orc zombies (Ossuary)
  A quokka skeleton (D:4)
  A quokka zombie (D:8)
  4 rats
  A fungus (D:1)
  6 tentacles
836 creatures vanquished.

Vanquished Creatures (others)
  2 slaves (D:5)
  13 fungi
  13 plants
  74 tentacles
102 creatures vanquished.

Grand Total: 938 creatures vanquished

Notes
Turn   | Place    | Note
-------+----------+-------------------------------------------
     0 | D:1      | JamesMay the Minotaur Fighter began the quest for the Orb.
     0 | D:1      | Reached XP level 1. HP: 19/19 MP: 0/0
   324 | D:1      | Reached XP level 2. HP: 26/27 MP: 1/1
  1206 | D:2      | Reached XP level 3. HP: 33/33 MP: 2/2
  1550 | D:3      | Reached skill level 3 in Long Blades
  1656 | D:3      | Reached XP level 4. HP: 39/40 MP: 3/3
  1841 | D:3      | Found a hide-covered altar of Uskayaw.
  2600 | D:4      | Reached XP level 5. HP: 46/47 MP: 4/4
  2647 | D:4      | Noticed an ogre
  2655 | D:4      | Killed an ogre
  2655 | D:4      | Reached skill level 4 in Long Blades
  2655 | D:4      | Reached skill level 5 in Armour
  2803 | D:4      | Noticed a centaur
  2813 | D:4      | Killed a centaur
  2813 | D:4      | Reached skill level 5 in Fighting
  2813 | D:4      | Reached skill level 1 in Dodging
  2813 | D:4      | Reached XP level 6. HP: 37/56 MP: 5/5
  2860 | D:4      | Found a sand-covered staircase.
  2866 | Ossuary  | Entered an ossuary
  3024 | Ossuary  | Reached skill level 5 in Long Blades
  3542 | D:4      | Reached skill level 1 in Throwing
  3669 | D:5      | Entered Level 5 of the Dungeon
  3732 | D:5      | Noticed a sky beast
  3739 | D:5      | Killed a sky beast
  3739 | D:5      | Reached skill level 5 in Shields
  3739 | D:5      | Reached XP level 7. HP: 61/61 MP: 6/6
  3743 | D:5      | Noticed Pikel
  3804 | D:4      | Killed Pikel
  3804 | D:4      | Reached skill level 7 in Long Blades
  3804 | D:4      | Reached XP level 8. HP: 70/70 MP: 7/7
  3888 | D:5      | Found an iron altar of Okawaru.
  3907 | D:5      | Became a worshipper of Warmaster Okawaru
  4107 | D:5      | Gained mutation: Your spells are a little harder to cast, but a little more powerful. [mutagenic meat]
  4108 | D:5      | Gained mutation: Your body sometimes deteriorates upon taking damage. [mutagenic meat]
  4136 | D:5      | Reached skill level 8 in Long Blades
  4253 | D:5      | Gained mutation: Your muscles are strong. (Str +2) [potion of mutation]
  4253 | D:5      | Lost mutation: Your body sometimes deteriorates upon taking damage. [potion of mutation]
  4253 | D:5      | Gained mutation: You are dopey. (Int -2) [potion of mutation]
  4392 | D:5      | Found a shadowy altar of Dithmenos.
  4542 | D:5      | Noticed Menkaure
  4548 | D:5      | Killed Menkaure
  4548 | D:5      | Reached * piety under Okawaru
  4703 | D:6      | Found a hazy altar of Hepliaklqana.
  4813 | D:6      | Found a sacrificial altar of Ru.
  4817 | D:6      | Reached skill level 1 in Polearms
  4817 | D:6      | Reached XP level 9. HP: 78/79 MP: 8/8
  4972 | D:6      | Found a staircase to the Ecumenical Temple.
  4975 | Temple   | Entered the Ecumenical Temple
  5095 | D:6      | Reached skill level 1 in Invocations
  5435 | D:6      | Reached skill level 1 in Stealth
  5687 | D:7      | Reached ** piety under Okawaru
  5785 | D:7      | Reached skill level 5 in Polearms
  6272 | D:7      | Reached *** piety under Okawaru
  6779 | D:8      | Reached XP level 10. HP: 83/88 MP: 11/11
  7041 | D:8      | Found a staircase to the Lair.
  7325 | D:8      | Noticed lupus83's ghost (novice CeHu)
  7349 | D:8      | Killed lupus83's ghost
  7349 | D:8      | Reached **** piety under Okawaru
  7349 | D:8      | Received a gift from Okawaru
  7581 | D:8      | Received a gift from Okawaru
  8007 | D:9      | Found a shattered altar of Ashenzari.
  8199 | D:9      | Received a gift from Okawaru
  8337 | D:9      | Reached XP level 11. HP: 95/95 MP: 13/13
  8347 | D:9      | Reached skill level 5 in Throwing
  8351 | D:9      | Noticed Grum
  8358 | D:9      | Reached ***** piety under Okawaru
  8408 | D:9      | Killed Grum
  8920 | D:10     | Entered Level 10 of the Dungeon
  9023 | D:10     | Noticed a hill giant
  9033 | D:9      | Killed a hill giant
  9033 | D:9      | Reached skill level 5 in Invocations
  9262 | D:10     | Found Lintug's Gadget Shop.
  9403 | D:10     | Received a gift from Okawaru
 10210 | D:11     | Noticed a hill giant
 10219 | D:11     | Killed a hill giant
 10282 | D:11     | Found a staircase to the Orcish Mines.
 10427 | D:11     | Noticed a brown ugly thing
 10435 | D:11     | Killed a brown ugly thing
 10435 | D:11     | Reached skill level 10 in Polearms
 10491 | D:11     | Received a gift from Okawaru
 10634 | D:11     | Noticed a hill giant
 10660 | D:11     | Noticed a hill giant
 10669 | D:11     | Killed a hill giant
 10708 | D:11     | Killed a hill giant
 10769 | D:11     | Received a gift from Okawaru
 11114 | D:11     | Found a roughly hewn altar of Beogh.
 11507 | D:12     | Reached XP level 12. HP: 73/105 MP: 15/15
 11774 | D:12     | Reached skill level 5 in Dodging
 12023 | D:12     | Reached skill level 10 in Fighting
 12044 | D:12     | Reached ****** piety under Okawaru
 12134 | D:12     | Received a gift from Okawaru
 12742 | D:13     | Noticed a six-headed hydra
 12749 | D:13     | Killed a six-headed hydra
 12898 | D:13     | Noticed a centaur warrior
 12913 | D:13     | Killed a centaur warrior
 12951 | D:13     | Found a portal to a secret trove of treasure.
 13031 | D:13     | Found a gate to the Vaults.
 13031 | D:13     | Noticed a vault guard
 13031 | D:13     | Noticed a vault guard
 13031 | D:13     | Noticed a vault guard
 13031 | D:13     | Noticed a vault guard
 13031 | D:13     | Noticed a centaur warrior
 13101 | D:12     | Noticed a five-headed hydra
 13104 | D:13     | Found a labyrinth entrance.
 13122 | Lab      | Entered a labyrinth
 14140 | Lab      | Noticed a minotaur
 14156 | Lab      | Killed a minotaur
 14156 | Lab      | Received a gift from Okawaru
 14157 | Lab      | Got a scorched scimitar {god gift}
 14255 | Lab      | Got a blackened chain mail
 14261 | D:13     | Identified the +9 scimitar "Sarcophage" {venom, rN+ Str+4} (Okawaru gifted it to you in a labyrinth)
 14282 | D:12     | Killed a seven-headed hydra
 14450 | Lair:1   | Entered Level 1 of the Lair of Beasts
 14486 | Lair:1   | Identified the cursed +0 chain mail of the Enchanted Forest {rCorr Str+4 Dex-4 SInv} (You found it in a labyrinth)
 14753 | Lair:1   | Reached XP level 13. HP: 85/114 MP: 18/18
 15104 | Lair:1   | Reached skill level 10 in Shields
 15763 | Lair:2   | Found a staircase to the Shoals.
 15796 | Lair:2   | Reached skill level 9 in Long Blades
 15989 | Lair:2   | Received a gift from Okawaru
 16029 | Lair:2   | Found a frozen archway.
 16201 | Lair:2   | Reached skill level 10 in Long Blades
 16295 | IceCv    | Entered an ice cave
 16314 | IceCv    | Reached skill level 10 in Armour
 16680 | IceCv    | Got distressingly furry ice dragon scales
 16773 | Lair:2   | Identified the +2 ice dragon scales of Zin's Displeasure {+Inv rPois rF- rC++ MR- Int+3} (You found it in an ice cave)
 17583 | Lair:3   | Reached skill level 1 in Slings
 17697 | Lair:3   | Reached skill level 11 in Long Blades
 17824 | Lair:3   | Found a hole to the Spider Nest.
 18430 | Lair:4   | Noticed Josephine
 18442 | Lair:4   | Killed Josephine
 18446 | Lair:4   | Received a gift from Okawaru
 18447 | Lair:4   | Noticed Nessos
 18447 | Lair:4   | Got a crystal falchion {god gift}
 18462 | Lair:3   | Identified the +7 falchion of the Many Moons {drain, Int-4 Dex+10} (Okawaru gifted it to you on level 4 of the Lair of Beasts)
 18530 | Lair:4   | Killed Nessos
 18603 | Lair:4   | Noticed Snorg
 18613 | Lair:4   | Killed Snorg
 18925 | Lair:4   | Reached XP level 14. HP: 124/124 MP: 19/19
 19973 | Lair:5   | Reached skill level 12 in Long Blades
 19989 | Lair:5   | Received a gift from Okawaru
 20481 | Lair:6   | Entered Level 6 of the Lair of Beasts
 20576 | Lair:6   | Received a gift from Okawaru
 20624 | Lair:6   | Noticed Gwiny's ghost (journeyman FoAK)
 20649 | Lair:6   | Killed Gwiny's ghost
 20649 | Lair:6   | Received a gift from Okawaru
 20740 | Lair:6   | Found a large runed door.
 20741 | Lair:6   | Found a large runed door.
 21109 | Lair:6   | Reached skill level 13 in Long Blades
 21116 | Lair:6   | Received a gift from Okawaru
 21290 | Lair:6   | Received a gift from Okawaru
 21347 | Lair:6   | Found a staircase to the Slime Pits.
 22550 | Orc:1    | Entered Level 1 of the Orcish Mines
 22639 | Orc:2    | Entered Level 2 of the Orcish Mines
 22673 | Orc:2    | Reached skill level 1 in Bows
 22681 | Orc:2    | Reached skill level 10 in Throwing
 22833 | Orc:2    | Found a staircase to the Elven Halls.
 23008 | Orc:2    | Noticed Blork the orc
 23012 | Orc:2    | Reached skill level 5 in Slings
 23021 | Orc:2    | Killed Blork the orc
 23040 | Orc:2    | Reached XP level 15. HP: 66/132 MP: 20/20
 23712 | Orc:2    | Noticed an orc warlord
 23864 | Orc:2    | Killed an orc warlord
 24264 | Orc:2    | Found a roughly hewn altar of Beogh.
 24296 | Orc:2    | Reached skill level 14 in Long Blades
 24446 | Orc:2    | Found Hecemosuss's General Store.
 24538 | Orc:2    | Found Catz's Jewellery Boutique.
 24553 | Orc:2    | Found Gang's Antique Armour Boutique.
 24560 | Orc:2    | Bought the +2 hat of the Bear Spirit {Spirit, +Rage rN+ MR++} for 860 gold pieces
 24652 | Orc:2    | Found Rebbeatu's Antique Weapon Boutique.
 25289 | Orc:1    | Received a gift from Okawaru
 25571 | Shoals:1 | Entered Level 1 of the Shoals
 25853 | Shoals:1 | Reached skill level 5 in Bows
 25977 | Shoals:1 | Reached skill level 1 in Evocations
 26745 | Shoals:1 | Found a shimmering altar of Xom.
 26752 | Shoals:1 | Noticed a kraken
 28084 | Shoals:3 | Received a gift from Okawaru
 28113 | Shoals:3 | Noticed a kraken
 28313 | Shoals:3 | Received a gift from Okawaru
 28519 | Shoals:3 | Noticed a kraken
 28539 | Shoals:3 | Killed a kraken
 28539 | Shoals:3 | Received a gift from Okawaru
 28539 | Shoals:3 | Reached XP level 16. HP: 50/141 MP: 8/21
 28540 | Shoals:3 | Got a bloodstained spear {god gift}
 28541 | Shoals:3 | Identified the +6 spear "Xacinosu" {elec, Int+6 Dex+4} (Okawaru gifted it to you on level 3 of the Shoals)
 28714 | Shoals:3 | HP: 3/141 [kraken (12)]
 28730 | Shoals:3 | HP: 3/141 [sea snake (13)]
 29172 | Shoals:3 | Noticed a kraken
 29568 | Shoals:3 | Killed a kraken
 29568 | Shoals:3 | Received a gift from Okawaru
 29916 | Orc:2    | Bought an uncursed ring of flight for 245 gold pieces
 30197 | Shoals:3 | Killed a kraken
 30575 | Shoals:4 | Entered Level 4 of the Shoals
 30696 | Shoals:4 | Noticed a kraken
 30732 | Shoals:4 | Killed a kraken
 30793 | Shoals:4 | HP: 5/144 [merfolk aquamancer/ball of steam (29)]
 30797 | Shoals:4 | Killed from afar by a merfolk aquamancer

Skill      XL: |  1  2  3  4  5  6  7  8  9 10 11 12 13 14 15 16 |
---------------+-------------------------------------------------+-----
Armour         | 4 5 6 7 8 9 10 11 | 11.6
Fighting       | 4 5 6 7 8 9 10 11 12 13 | 13.2
Long Blades    | 3 4 5 7 8 11 13 14 | 14.3
Shields        | 4 5 6 7 8 9 11 12 | 12.9
Dodging        | 1 2 3 4 6 7 |  7.5
Throwing       | 1 2 4 6 7 8 10 11 | 11.0
Polearms       | 1 7 9 10 12 | 12.1
Invocations    | 3 4 6 8 |  8.2
Stealth        | 1 2 |  2.3
Slings         | 3 5 8 9 |  9.2
Bows           | 2 6 8 |  8.0
Evocations     | 2 3 |  3.7

Action                   |  1- 3 |  4- 6 |  7- 9 | 10-12 | 13-15 | 16-18 || total
-------------------------+-------+-------+-------+-------+-------+-------++-------
Melee: Long sword        |    73 |   136 |   105 |       |       |       ||   314
       Headbutt          |    12 |    26 |    53 |   167 |   298 |    72 ||   628
       Spear             |    11 |       |   185 |   811 |   209 |    82 ||  1298
       Scimitar          |       |       |       |    27 |   916 |   128 ||  1071
       Hunting sling     |       |       |       |       |       |    10 ||    10
 Fire: Hunting sling     |       |       |       |       |   318 |    21 ||   339
Throw: Tomahawk          |       |    14 |    21 |    99 |    10 |       ||   144
       Javelin           |       |       |       |    44 |       |       ||    44
Invok: Heroism           |       |       |       |     6 |    10 |     3 ||    19
       Finesse           |       |       |       |       |     4 |     2 ||     6
 Abil: Evoke Invisibilit |       |       |       |       |       |     1 ||     1
       Evoke Flight      |       |       |       |       |       |     1 ||     1
  Use: Scroll            |     7 |     5 |     4 |    12 |    14 |     2 ||    44
       Potion            |       |     3 |     2 |     1 |    16 |     5 ||    27
 Stab: Paralysed         |       |       |     2 |       |       |       ||     2
       Petrified         |       |       |       |       |     1 |       ||     1
  Eat: Chunk             |     2 |     3 |     7 |    14 |    14 |     3 ||    43
       Fruit             |       |     3 |       |     1 |       |       ||     4
       Meat ration       |       |     1 |     1 |     1 |     1 |     1 ||     5
       Bread ration      |       |       |       |     2 |     1 |       ||     3
       Pizza             |       |       |       |     3 |     4 |       ||     7
       Beef jerky        |       |       |       |       |     9 |       ||     9
Armor: Scale mail        |    16 |       |    39 |    64 |       |       ||   119
       Chain mail        |    12 |    59 |    40 |    11 |   122 |       ||   244
       Ring mail         |       |       |       |    48 |    16 |       ||    64
       Skin              |       |       |       |     1 |       |       ||     1
       Ice dragon scales |       |       |       |       |   266 |    98 ||   364
Dodge: Dodged            |    29 |    35 |    66 |   175 |   389 |   115 ||   809
Block: Shield            |    44 |    73 |   140 |   264 |   759 |   204 ||  1484
       Rpst.: Long sword |     7 |     7 |    10 |       |       |       ||    24
       Scimitar          |       |       |       |     2 |    73 |    20 ||    95
